 Dungeon Crawl Stone Soup version 0.17-a0-1760-ga6756ae (webtiles) character file.

5302 fizban the Blocker (level 10, -5/63 HPs)
             Began as a Gargoyle Berserker on Sept 3, 2015.
             Was an Elder of Trog.
             Slain by a yak (9 damage)
             ... on level 9 of the Dungeon.
             The game lasted 00:38:34 (7076 turns).

fizban the Blocker (Gargoyle Berserker)             Turns: 7076, Time: 00:38:35

Health: -5/63      AC: 23    Str: 24      XL:     10   Next: 63%
Magic:  10/10      EV: 10    Int:  5 (6)  God:    Trog [****..]
Gold:   260        SH:  0    Dex:  9      Spells: 0 memorised, 9 levels left

rFire  . . .     SeeInvis .     l - +0 triple sword (venom)
rCold  . . .     Clarity  .     D - +1 plate armour
rNeg   + . .     SustAt   .     (no shield)
rPois  ∞         Gourm    .     f - +1 helmet
rElec  +         Spirit   .     (no cloak)
rCorr  .         Warding  .     (no gloves)
rMut   .         Stasis   .     (no boots)
MR     .....                    (no amulet)
Stlth  ..........               (no ring)
                                (no ring)

@: not resistant to hostile enchantments, extremely unstealthy
A: repulsion field 1, deterioration 1, dopey 1, negative energy resistance 1,
electricity resistance, unbreathing, petrification resistance, rot immunity, AC
+7
a: Burn Spellbooks, Berserk, Trog's Hand, Brothers in Arms, Renounce Religion


You were on level 9 of the Dungeon.
You worshipped Trog.
Trog was greatly pleased with you.
You were not hungry.

You visited 1 branch of the dungeon, and saw 9 of its levels.

You collected 470 gold pieces.
You spent 210 gold pieces at shops.

Inventory:

Hand weapons
 l - a +0 triple sword of venom (weapon)
 o - a +1 war axe
Missiles
 i - 6 silver tomahawks
 n - 4 poisoned tomahawks
 y - 4 tomahawks (quivered)
Armour
 f - a +1 helmet (worn)
 s - a +0 large shield
 D - a +1 plate armour (worn)
Magical devices
 e - a wand of magic darts (45)
 q - a wand of random effects (34)
 r - a wand of random effects (30)
 v - a wand of confusion (23)
 w - a wand of draining (5)
 C - a wand of cold (7)
Scrolls
 b - 3 scrolls of magic mapping
 c - 3 scrolls of teleportation
 d - a scroll of fear
 g - a scroll of fog
 j - 9 scrolls of remove curse
 k - a scroll of enchant armour
 t - 2 scrolls of blinking
 u - 3 scrolls of identify
 x - a scroll of holy word {unknown}
Potions
 h - 2 potions of heal wounds
 m - a potion of berserk rage
Comestibles
 a - 8 chunks of flesh
 p - 2 bread rations
 A - 4 meat rations


   Skills:
 + Level 7.6 Fighting
 + Level 3.3 Long Blades
 + Level 7.2 Axes
 + Level 7.6 Armour
 + Level 4.6 Dodging
 + Level 8.4 Shields


You had 9 spell levels left.
You didn't know any spells.

Dungeon Overview and Level Annotations

Branches:
Dungeon (9/15)             Temple (0/1) D:4             Orc (0/4) D:9
   Lair: D:8-11

Altars:
Ashenzari
Cheibriados
Kikubaaqudgha
Makhleb
Okawaru
Ru
Vehumet
Yredelemnul

Shops:
D:9 !


Innate Abilities, Weirdness & Mutations

You are resistant to torment.
Your stone body is resilient (AC +7).
You are immune to poison.
You resist negative energy.
You are resistant to electric shocks.
You can survive without breathing.
You are immune to petrification.
You are immune to rotting.
You are surrounded by a mild repulsion field (EV +2).
Your body sometimes deteriorates upon taking damage.
You are dopey. (Int -2)


Message History

Your body deteriorates!
You feel dopey. The yak gores you. The yak closely misses you.
You slice the yak!!
You kill the yak!
Trog accepts your kill. The yak gores you but does no damage.
The yak barely misses you.
You slash the yak!
The yak is poisoned.
The yak is heavily wounded.
The yak gores you. The yak gores you but does no damage. The yak gores you!
* * * LOW HITPOINT WARNING * * *
The yak closely misses you.
You slice the yak!!
You kill the yak!
Trog accepts your kill. The yak closely misses you. The yak barely misses you.
The yak misses you.
You closely miss the yak. The yak gores you but does no damage.
The yak gores you!
* * * LOW HITPOINT WARNING * * *
The yak barely misses you. The yak gores you!
You die...

#. .....###/..........#. ###.
#....##....[.......#. ..##...##
#....#...............
........###..._.....?../.......
....[.........##...............
....[.....#.#.#................
.........††<#.#................
......Y.##...Y#.........%....<#
..#....##)...Y@................
# #.### ##...##...>.<#####.##..
#.. #.....##......# ...##.. #.
#.##..#######.# #...##.# ...
#..# #.# #...##)# ... .... #.#
#..###.# ### ..###.
#.###.####.# .# ............
#######.....


You could see 2 yaks.

Vanquished Creatures
  Pikel (D:5)
  Grinder (D:5)
  A wyvern (D:7)
  3 yaks (D:9)
  Eustachio (D:5)
  Menkaure (D:5)
  A centaur (D:8)
  A phantom (D:5)
  2 orc warriors (D:7)
  2 scorpions
  3 ogres
  A black bear (D:8)
  2 sky beasts
  A necrophage (D:6)
  A big kobold (D:8)
  A giant frog (D:8)
  A jelly (D:5)
  4 electric eels (D:8)
  A killer bee (D:9)
  3 crimson imps
  3 iguanas
  A giant frog skeleton (D:8)
  Ijyb (D:2)
  3 centaur zombies
  4 hounds
  7 orc priests
  6 orc wizards
  Natasha (thrice) (D:2)
  11 worker ants
  2 hound zombies
  A hound skeleton (D:3)
  Robin (D:2)
  3 gnolls (D:8)
  10 adders
  A shadow imp (D:6)
  2 worms
  46 orcs
  6 giant cockroaches
  13 goblins
  8 hobgoblins
  4 jackals (D:4)
  9 kobolds
  3 quokkas
  3 ball pythons
  9 bats
  3 giant geckos
  A giant gecko skeleton (D:4)
  A giant gecko zombie (D:5)
  4 giant newts
  A jackal skeleton (D:4)
  A quokka skeleton (D:7)
  4 rats (D:1)
207 creatures vanquished.

Vanquished Creatures (collateral kills)
  The ghost of Urgaas the Basher, an experienced DsBe of Trog (D:8)
  A troll (D:8)
  3 killer bees (D:8)
  An electric eel (D:8)
6 creatures vanquished.

Vanquished Creatures (others)
  Prince Ribbit (D:5)
  3 slaves (D:5)
  A centaur zombie (D:5)
  A crimson imp (D:5)
  A worker ant (D:5)
  A gnoll (D:8)
  6 orcs (D:5)
  A ball python (D:5)
  2 plants (D:8)
17 creatures vanquished.

Grand Total: 230 creatures vanquished

Notes
Turn   | Place    | Note
--------------------------------------------------------------
     0 | D:1      | fizban the Gargoyle Berserker began the quest for the Orb.
     0 | D:1      | Reached XP level 1. HP: 14/14 MP: 1/1
   196 | D:1      | Reached XP level 2. HP: 19/19 MP: 2/2
   377 | D:1      | Acquired Trog's second power
   393 | D:1      | Reached XP level 3. HP: 21/23 MP: 3/3
   743 | D:2      | Noticed Robin
   749 | D:2      | Killed Robin
   749 | D:2      | Reached XP level 4. HP: 25/29 MP: 4/4
   850 | D:2      | Noticed Ijyb
   870 | D:2      | Killed Ijyb
   922 | D:2      | Found an ancient bone altar of Kikubaaqudgha.
   923 | D:2      | Noticed Natasha
   970 | D:2      | Killed Natasha
   970 | D:2      | Reached XP level 5. HP: 33/33 MP: 5/5
  1009 | D:2      | Reached skill level 4 in Fighting
  1163 | D:2      | Noticed Natasha
  1172 | D:2      | Killed Natasha
  1358 | D:2      | Noticed Natasha
  1372 | D:2      | Killed Natasha
  1607 | D:3      | Found a shattered altar of Ashenzari.
  2102 | D:3      | Reached skill level 1 in Shields
  2102 | D:3      | Reached XP level 6. HP: 37/39 MP: 6/6
  2569 | D:4      | Found a staircase to the Ecumenical Temple.
  2877 | D:4      | Reached XP level 7. HP: 44/44 MP: 7/7
  3365 | D:5      | Entered Level 5 of the Dungeon
  3388 | D:5      | Acquired Trog's third power
  3404 | D:5      | Noticed Pikel
  3419 | D:5      | Killed Pikel
  3419 | D:5      | Reached skill level 5 in Fighting
  3419 | D:5      | Reached XP level 8. HP: 49/49 MP: 8/8
  3430 | D:5      | Killed Prince Ribbit
  3450 | D:5      | Reached skill level 5 in Axes
  3472 | D:5      | Noticed Menkaure
  3481 | D:5      | Killed Menkaure
  3645 | D:5      | Reached skill level 5 in Armour
  3752 | D:5      | Noticed Grinder
  3758 | D:5      | Paralysed by Grinder for 3 turns
  3775 | D:5      | Killed Grinder
  3775 | D:5      | Reached skill level 5 in Shields
  4005 | D:5      | Noticed Eustachio
  4094 | D:5      | Killed Eustachio
  4094 | D:5      | Reached XP level 9. HP: 55/55 MP: 9/9
  4144 | D:5      | Reached skill level 6 in Axes
  4505 | D:6      | Found a basalt altar of Yredelemnul.
  4821 | D:6      | Found a burning altar of Makhleb.
  4821 | D:6      | Found an iron altar of Okawaru.
  4822 | D:6      | Found a snail-covered altar of Cheibriados.
  5006 | D:7      | Reached skill level 7 in Shields
  5991 | D:8      | Noticed Urgaas's ghost (experienced DsBe)
  6042 | D:8      | Killed Urgaas's ghost
  6042 | D:8      | Reached skill level 8 in Shields
  6042 | D:8      | Reached XP level 10. HP: 54/61 MP: 10/10
  6103 | D:8      | Gained mutation: You are surrounded by a mild repulsion field (EV +2). [potion of mutation]
  6103 | D:8      | Gained mutation: Your body sometimes deteriorates upon taking damage. [potion of mutation]
  6103 | D:8      | Gained mutation: You are dopey. (Int -2) [potion of mutation]
  6283 | D:8      | Reached skill level 1 in Long Blades
  6379 | D:8      | Found a radiant altar of Vehumet.
  6408 | D:8      | Noticed a centaur zombie
  6427 | D:8      | Killed a centaur zombie
  6851 | D:9      | Found Omaedghe's Distillery.
  6856 | D:9      | Bought a potion of heal wounds for 70 gold pieces
  6856 | D:9      | Bought 2 potions of heal wounds for 140 gold pieces
  6874 | D:9      | Found a staircase to the Orcish Mines.
  6889 | D:9      | Found a sacrificial altar of Ru.
  7076 | D:9      | Slain by a yak

Vault maps used:
D:1:      dpeg_arrival_rooms_a
D:2:      kiku_gazebo_pond_becter, uniq_robin, uniq_natasha, uniq_iyjb
D:3:      nicolae_ashenzari_panopticon
D:4:      temple_fountains
D:5:      first_bread, lemuel_old_faithful, uniq_eustachio, uniq_prince_ribbit1,
          uniq_grinder, uniq_pikel, uniq_menkaure
D:6:      gammafunk_temple_overflow_claw, yredelemnul_altar_generic
D:8:      basic_altar, serial_bayou, serial_bayou_lagoon_a, serial_bayou_pond_d,
          serial_bayou_lagoon_b, serial_bayou_pond_a
D:9:      minmay_goldmine, overflow_temple_1_default, orc_0_dummy, serial_shops,
          nicolae_shop_trees, uniq_joseph

Action                   |  1- 3 |  4- 6 |  7- 9 | 10-12 || total
-------------------------+-------+-------+-------+-------++-------
Melee: Hand axe          |   117 |   188 |    63 |       ||   368
       War axe           |       |       |   394 |       ||   394
       Triple sword      |       |       |    49 |   179 ||   228
Invok: Berserk           |     2 |     5 |    10 |     1 ||    18
       Trog's Hand       |     1 |       |     4 |     1 ||     6
       Burn Spellbooks   |       |     1 |       |       ||     1
       Brothers in Arms  |       |       |     1 |     1 ||     2
  Use: Potion            |     2 |     1 |     4 |     4 ||    11
       Scroll            |       |       |    16 |     2 ||    18
  Eat: Chunk             |     1 |     7 |    11 |     2 ||    21
       Bread ration      |       |     1 |     1 |     1 ||     3
       Fruit             |       |       |     6 |       ||     6
       Royal jelly       |       |       |     1 |       ||     1
       Beef jerky        |       |       |     1 |       ||     1
